 Dungeon Crawl Stone Soup version 0.24.1-14-gf8d2b509d9 (console) character file.

Game seed: 16551368052963757932, levelgen mode: deterministic

128910 Kagalorn the Warrior (level 17, 0/142 HPs)
             Began as a Gnoll Wanderer on Mar 11, 2021.
             Was the Champion of Okawaru.
             Killed from afar by Nikola (13 damage)
             ... with a chain lightning
             ... on level 3 of the Swamp on Mar 12, 2021.
             The game lasted 01:30:11 (42087 turns).

Kagalorn the Warrior (Gnoll Wanderer)              Turns: 42087, Time: 01:30:14

Health: 0/142      AC: 26    Str: 20    XL:     17   Next: 4%
Magic:  27/32      EV: 29    Int: 16    God:    Okawaru [******]
Gold:   3329       SH:  8    Dex: 15    Spells: 27/38 levels left

rFire    + + .     SeeInvis .   a - +7 quick blade (elec)
rCold    + + .     Gourm    .   T - +1 buckler {rF+}
rNeg     . . .     Faith    .   q - +4 chain mail of Jigsaw {MR++ Slay+5}
rPois    +         Spirit   .   S - +2 helmet
rElec    .         Reflect  .   p - scarf {rC+ rF+}
rCorr    .         Harm     .   C - +0 pair of gloves of Recklessness {rPois}
MR       +++..                  i - +2 pair of boots
Stlth    +.........             r - amulet of the acrobat
HPRegen  0.33/turn              n - +2 ring of protection
MPRegen  0.23/turn              I - ring of protection from cold

@: silence, acrobat
A: distributed training, fangs 1, strong nose
a: Renounce Religion


You were on level 3 of the Swamp.
You worshipped Okawaru.
Okawaru was exalted by your worship.
You were hungry.

You visited 5 branches of the dungeon, and saw 27 of its levels.
You also visited: Ossuary, Bailey and Ice Cave.

You collected 3605 gold pieces.
You spent 276 gold pieces at shops.

Inventory:

Hand Weapons
 a - a +7 quick blade of electrocution (weapon)
 b - the +5 flail "Odynk" {crush, +Inv rF+++ MP-9 Dex+4}
   (You found it on level 15 of the Dungeon)

   It inflicts extra damage upon your enemies.
   It affects your dexterity (+4).
   It renders you almost immune to fire.
   It affects your magic capacity (-9).
   It lets you turn invisible.
 w - a +0 war axe of flaming
 A - a +0 broad axe of electrocution
Missiles
 e - 18 javelins (quivered)
 E - 15 throwing nets
 R - 14 silver javelins
Armour
 i - a +2 pair of boots (worn)
 p - a scarf of resistance (worn)
 q - the +4 chain mail of Jigsaw (worn) {MR++ Slay+5}
   (You found it on level 13 of the Dungeon)

   It affects your accuracy and damage with ranged weapons and melee attacks
   (+5).
   It affects your resistance to hostile enchantments.
 C - the +0 pair of gloves of Recklessness (worn) {rPois}
   (You found it on level 4 of the Dungeon)

   It protects you from poison.
 S - a +2 helmet (worn)
 T - a +1 buckler of fire resistance (worn)
Jewellery
 n - a +2 ring of protection (left hand)
 r - an amulet of the acrobat (around neck)
 u - an uncursed ring of flight
 z - an uncursed ring of protection from magic
 I - a ring of protection from cold (right hand)
 O - an uncursed ring of resist corrosion
Wands
 g - a wand of digging (6)
 L - a wand of scattershot (6)
 P - a wand of acid (6)
 Q - a wand of paralysis (14)
 Z - a wand of iceblast (19)
Scrolls
 c - 22 scrolls of teleportation
 f - 8 scrolls of enchant armour
 j - 12 scrolls of identify
 t - a scroll of silence
 v - 17 scrolls of remove curse
 x - 2 scrolls of enchant weapon
 B - 2 scrolls of fog
 G - 4 scrolls of fear
 J - 6 scrolls of magic mapping
 K - 3 scrolls of blinking
 Y - 2 scrolls of brand weapon
Potions
 h - 7 potions of curing
 k - 4 potions of resistance
 l - 8 potions of might
 m - 6 potions of heal wounds
 o - 3 potions of cancellation
 s - 3 potions of invisibility
 y - 3 potions of lignification
 D - 4 potions of agility
 F - 2 potions of haste
 H - 3 potions of mutation
 M - 4 potions of magic
 V - 2 potions of brilliance
 X - 3 potions of berserk rage
Miscellaneous
 N - 3 boxes of beasts
 W - a lamp of fire
Comestibles
 d - 23 rations
 U - a chunk of flesh


   Skills:
 + Level 15.5 Fighting
 + Level 11.0 Short Blades
 + Level 11.0 Long Blades
 + Level 11.0 Axes
 + Level 11.0 Maces & Flails
 + Level 11.0 Polearms
 + Level 11.0 Staves
 + Level 11.0 Slings
 + Level 11.0 Bows
 + Level 11.0 Crossbows
 + Level 11.3 Throwing
 + Level 11.0 Armour
 + Level 11.8 Dodging
 + Level 11.0 Stealth
 + Level 11.0 Shields
 + Level 11.0 Unarmed Combat
 + Level 11.0 Spellcasting
 + Level 9.4 Conjurations
 + Level 9.4 Hexes
 + Level 9.4 Charms
 + Level 9.4 Summonings
 + Level 9.4 Necromancy
 + Level 9.4 Translocations
 + Level 9.4 Transmutations
 + Level 9.4 Fire Magic
 + Level 9.4 Ice Magic
 + Level 9.4 Air Magic
 + Level 9.4 Earth Magic
 + Level 9.4 Poison Magic
 + Level 11.9 Invocations
 + Level 11.3 Evocations


You had 27 spell levels left.
You knew the following spells:

 Your Spells              Type           Power        Failure   Level  Hunger
b - Petrify               Tmut/Erth      #####...     12%         4    ###....
h - Blink                 Tloc           N/A          1%          2    None
p - Silence               Hex/Air        #####.....   32%         5    #####..

Your spell library contained the following spells:

 Spells                   Type           Power        Failure   Level  Hunger
 Animate Skeleton         Necr           N/A          1%          1    None
 Apportation              Tloc           #####.       1%          1    None
 Corona                   Hex            #####..      1%          1    None
 Freeze                   Ice            ####         1%          1    None
 Magic Dart               Conj           ####         1%          1    None
 Pain                     Necr           ####         1%          1    None
 Sting                    Conj/Pois      ####         1%          1    None
 Summon Butterflies       Summ           #####...     1%          1    None
 Call Imp                 Summ           #####...     1%          2    None
 Poisonous Vapours        Pois/Air       #####.       1%          2    None
 Slow                     Hex            #####...     1%          2    None
 Sublimation of Blood     Necr           #####.....   1%          2    None
 Throw Frost              Conj/Ice       #####.       1%          2    None
 Conjure Flame            Conj/Fire      #####...     3%          3    None
 Ignite Poison            Fire/Tmut/Pois #####...     3%          3    None
 Inner Flame              Hex/Fire       #####...     3%          3    None
 Lesser Beckoning         Tloc           #####.....   3%          3    None
 Mephitic Cloud           Conj/Pois/Air  #####...     3%          3    None
 Ozocubu's Armour         Chrm/Ice       #####...     3%          3    None
 Portal Projectile        Hex/Tloc       #####.       3%          3    None
 Regeneration             Chrm/Necr      #####.....   3%          3    None
 Tukima's Dance           Hex            #####...     3%          3    None
 Vampiric Draining        Necr           #####.....   3%          3    None
 Animate Dead             Necr           N/A          12%         4    ###....
 Cause Fear               Hex            #####.....   12%         4    ###....
 Leda's Liquefaction      Hex/Erth       #####.....   12%         4    ###....
 Olgreb's Toxic Radiance  Pois           #####...     12%         4    ###....
 Summon Ice Beast         Ice/Summ       #####...     12%         4    ###....
 Throw Icicle             Conj/Ice       #####...     12%         4    ###....
 Alistair's Intoxication  Tmut/Pois      #####...     32%         5    #####..
 Bolt of Magma            Conj/Fire/Erth #####.....   32%         5    #####..
 Irradiate                Conj/Tmut      #####.....   32%         5    #####..
 Venom Bolt               Conj/Pois      #####.....   32%         5    #####..
 Yara's Violent Unravell  Hex/Tmut       #####.....   32%         5    #####..
 Deflect Missiles         Chrm/Air       #####.....   87%         6    ######.
 Hydra Form               Tmut           #####.....   87%         6    ######.
 Invisibility             Hex            #####...     87%         6    ######.
 Iron Shot                Conj/Erth      #####.....   87%         6    ######.
 Statue Form              Tmut/Erth      #####....    87%         6    ######.
 Dragon Form              Tmut           #####.....   100%        7    #######
 Discord                  Hex            #####.....   100%        8    #######
 Shatter                  Erth           #####.....   100%        9    #######


Dungeon Overview and Level Annotations

Branches:
Dungeon (15/15)            Temple (1/1) D:4            Lair (6/6) D:8
  Swamp (3/4) Lair:2       Spider (0/4) Lair:2        Slime (0/5) Lair:5
    Orc (2/2) D:10            Elf (0/3) Orc:2        Vaults (0/5) D:13
 Depths (0/5) D:15        Ossuary (visited)          Bailey (visited)
  IceCv (visited)

Altars:
Ashenzari
Cheibriados
Dithmenos
Elyvilon
Fedhas
Gozag
Hepliaklqana
Kikubaaqudgha
Makhleb
Nemelex Xobeh
Okawaru
Qazlal
Ru
Sif Muna
Trog
Uskayaw
Vehumet
Wu Jian
Xom
Yredelemnul
Zin
The Shining One

Shops:
Orc:2 ?[(}

Annotations:
D:3 2 runed translucent doors, Tartanist's ghost, amateur DsHu
D:5 2 transporters
Lair:1 2 transporters, Sajocafi's ghost, novice MiGl
Lair:4 exclusion: 3 oklob plants
Swamp:3 Nikola


Innate Abilities, Weirdness & Mutations

Your experience applies equally to all skills.
You have very sharp teeth.
Your uncanny sense of smell can sniff out nearby items.


Message History

The bolt of lightning hits you!!!
Press: ? - help, v - describe, . - travel
Here: Nikola, wielding a +4 rapier of electrocution, wearing a +2 cloak of invisibility and wearing a +0 pair of gloves (lightly wounded)
The floor.
Casting: Silence (very dangerous; 32% risk of failure)
Confirm with . or Enter, or press ? or * to list all spells.
Okay, then.
Unknown command.
Casting: Silence (very dangerous; 32% risk of failure)
Confirm with . or Enter, or press ? or * to list all spells.
The spell is very dangerous to cast (32% risk of failure)!
Continue anyway?
A profound silence engulfs you.
You are feeling hungry.
Nikola mumbles some strange words.
The lightning arc hits you!
* * * LOW HITPOINT WARNING * * *
The lightning arc hits Nikola!
The lightning arc hits you!!
* * * LOW HITPOINT WARNING * * *
The lightning arc hits Nikola.
The lightning arc hits you!
You die...

...≈≈≈§≈♣.♣♣.≈.♣♣.≈≈...♣♣♣♣.≈≈≈.♣
.....≈♣♣....≈≈..♣.≈≈≈≈≈♣ ♣≈≈≈≈.♣
.......♣..≈≈≈≈..≈...≈≈≈♣ ♣.§≈≈.♣
.♣♣≈♣.≈≈..≈≈...≈..♣♣≈.♣♣ ♣♣.♣.≈.♣
..♣♣♣....≈.......♣♣ ♣♣♣♣≈≈≈≈≈.♣
.≈≈♣≈......♣♣♣♣♣.♣ ≈..≈≈♣≈≈≈♣♣
......♣♣♣♣♣♣≈....♣ ≈≈..≈♣..≈♣
.♣♣♣♣♣♣.....@†...♣ ≈≈≈≈≈.≈≈..♣♣
♣♣∆ ...≈♣♣♣♣♣@♣ ≈≈≈≈.≈...≈♣ ♣♣
♣≈....♣ ♣≈≈≈§....♣♣ .........♣
♣≈≈≈≈.≈≈≈♣♣♣ ..≈♣♣♣♣♣.♣
♣≈≈≈≈>≈≈≈.§♣ ≈♣♣♣♣≈∆...♣
♣≈≈≈≈≈≈≈≈≈≈≈ . ..... ..♣
♣♣≈≈≈≈≈≈≈≈≈≈ ♣..
♣≈.≈♣♣♣♣.♣♣♣♣♣≈≈.≈≈≈≈≈≈.♣ ♣♣>.
♣♣........♣≈≈♣≈≈≈.......≈♣
♣♣...♣♣.≈≈≈≈≈≈^...≈≈≈≈≈.......≈♣


You could see Nikola.

Vanquished Creatures
  A tentacled monstrosity (Swamp:1)
  An Ice Fiend (IceCv)
  Jorgrun (Swamp:2)
  Agnes (D:14)
  An orc warlord (D:10)
  Josephine (D:14)
  A great orb of eyes (D:13)
  2 fire dragons
  A ghost crab (Swamp:1)
  3 shambling mangroves
  5 centaur warriors
  Harold (D:9)
  2 ice dragons (D:15)
  15 hydras
  2 two-headed ogres
  8 death yaks
  7 alligators (Swamp:1)
  2 tengu warriors (D:13)
  Urug (Lair:3)
  Nergalle (D:11)
  4 orc high priests
  3 skeletal warriors (D:15)
  4 unseen horrors
  A wizard (D:6)
  A swamp dragon (Lair:6)
  2 orc sorcerers (Orc:1)
  A deep elf mage (D:14)
  2 wolf spiders (Lair:6)
  5 ugly things
  2 manticores
  5 cyclopes
  5 slime creatures (Swamp:2)
  5 black mambas
  A guardian serpent (Lair:6)
  2 centaur zombies
  A torpor snail (Lair:6)
  An ice statue (IceCv)
  23 spiny frogs
  8 gargoyles
  A kobold demonologist (D:14)
  17 komodo dragons
  2 freezing wraiths (IceCv)
  A yaktaur (D:13)
  7 ice devils (IceCv)
  5 anaconda simulacra (IceCv)
  A demonic crawler (Lair:2)
  3 rime drakes
  A golden dragon simulacrum (IceCv)
  A polar bear (Lair:5)
  2 meliai
  A wind drake (Lair:6)
  A tengu conjurer (D:13)
  15 hornets
  A harpy skeleton (D:14)
  8 trolls
  12 tyrant leeches
  Prince Ribbit (D:6)
  11 dream sheep (Lair:5)
  9 blink frogs
  4 bog bodies (Swamp:2)
  A meliai zombie (D:13)
  7 hippogriffs
  4 redbacks
  6 centaur simulacra
  Sigmund (D:6)
  A shadow (Swamp:3)
  6 wraiths
  26 yaks
  A dire elephant simulacrum (IceCv)
  3 spriggans (Swamp:1)
  6 wyverns
  A hungry ghost (D:10)
  6 basilisks
  22 vampire mosquitoes
  3 steam dragons (Lair:6)
  11 wargs
  5 insubstantial wisps (Swamp:2)
  3 iron troll simulacra (IceCv)
  8 swamp worms
  5 harpy simulacra
  Edmund (D:4)
  4 acid dragons
  3 hydra simulacra (IceCv)
  6 porcupines
  4 swamp drakes
  Purgy (D:4)
  3 black bears
  21 water moccasins
  19 orc warriors
  8 ice beasts
  2 necrophages
  2 ettin simulacra (IceCv)
  A sky beast (D:11)
  5 ogres
  4 boggarts (D:13)
  4 phantoms
  15 centaurs
  2 eyes of draining
  6 wolves (Lair:4)
  16 crocodiles
  4 big kobolds
  14 bullfrogs
  8 gnoll sergeants (Bailey)
  Blork the orc (D:4)
  2 wyvern zombies
  2 wyvern skeletons
  3 scorpions
  An elephant simulacrum (IceCv)
  10 killer bees
  4 wights (D:7)
  An electric eel (Lair:4)
  A draconian simulacrum (IceCv)
  6 bullfrog zombies
  4 crimson imps
  A quasit (D:8)
  16 hounds
  4 jellies
  25 orc wizards
  6 centaur skeletons
  6 gnoll shamans (Bailey)
  33 orc priests
  15 mummies (Ossuary)
  3 bullfrog skeletons
  Ijyb (D:4)
  Natasha (thrice) (D:4)
  4 iguanas
  4 spriggan simulacra (IceCv)
  5 hell rats (D:8)
  10 worker ants
  2 wolf simulacra (IceCv)
  2 hound skeletons
  Robin (D:4)
  20 gnolls
  3 ogre simulacra (IceCv)
  10 adders
  3 naga simulacra (IceCv)
  6 shadow imps
  3 white imps (IceCv)
  8 ufetubi (IceCv)
  An ooze (D:3)
  An adder skeleton (D:5)
  7 adder zombies
  10 worms
  2 dart slugs
  6 leopard geckos
  64 orcs
  12 bats
  7 giant cockroaches
  21 goblins
  5 hobgoblins
  6 jackals
  5 quokkas
  A ball python zombie (Ossuary)
  5 frilled lizards
  13 kobolds
  A leopard gecko zombie (Ossuary)
  A quokka zombie (Ossuary)
  10 rats
  A plant (Lair:6)
924 creatures vanquished.

Vanquished Creatures (collateral kills)
  A goblin (D:11)
1 creature vanquished.

Vanquished Creatures (others)
  An alligator (Swamp:3)
  A basilisk (Lair:6)
  A killer bee (D:12)
  An orc wizard (D:7)
  An iguana (Lair:6)
  A kobold (D:14)
  A quokka (D:7)
  16 fungi
  31 plants
  2 withered plants (Ossuary)
56 creatures vanquished.

Grand Total: 981 creatures vanquished

Notes
Turn   | Place    | Note
-------+----------+-------------------------------------------
     0 | D:1      | Reached skill level 12 in Fighting
     0 | D:1      | Kagalorn the Gnoll Wanderer began the quest for the Orb.
     0 | D:1      | Kagalorn set off with the following items: a +2 spear, 2
                  | potions of lignification, a +0 robe, a ration
     0 | D:1      | Reached XP level 1. HP: 31/31 MP: 2/2
   133 | D:1      | Reached XP level 2. HP: 38/38 MP: 3/3
   226 | D:1      | Reached XP level 3. HP: 40/44 MP: 4/4
   705 | D:2      | Reached skill level 1 in Invocations
  1235 | D:3      | Reached skill level 1 in Short Blades
  1235 | D:3      | Reached skill level 1 in Long Blades
  1235 | D:3      | Reached skill level 1 in Axes
  1235 | D:3      | Reached skill level 1 in Maces & Flails
  1235 | D:3      | Reached skill level 1 in Polearms
  1235 | D:3      | Reached skill level 1 in Staves
  1235 | D:3      | Reached skill level 1 in Slings
  1235 | D:3      | Reached skill level 1 in Bows
  1235 | D:3      | Reached skill level 1 in Crossbows
  1235 | D:3      | Reached skill level 1 in Armour
  1235 | D:3      | Reached skill level 1 in Stealth
  1235 | D:3      | Reached skill level 1 in Shields
  1235 | D:3      | Reached skill level 1 in Unarmed Combat
  1235 | D:3      | Reached skill level 1 in Spellcasting
  1303 | D:3      | Reached XP level 4. HP: 50/51 MP: 6/6
  1438 | D:3      | Found a shimmering altar of Xom.
  1621 | D:3      | Reached skill level 1 in Conjurations
  1621 | D:3      | Reached skill level 1 in Hexes
  1621 | D:3      | Reached skill level 1 in Charms
  1621 | D:3      | Reached skill level 1 in Summonings
  1621 | D:3      | Reached skill level 1 in Necromancy
  1621 | D:3      | Reached skill level 1 in Translocations
  1621 | D:3      | Reached skill level 1 in Transmutations
  1621 | D:3      | Reached skill level 1 in Fire Magic
  1621 | D:3      | Reached skill level 1 in Ice Magic
  1621 | D:3      | Reached skill level 1 in Air Magic
  1621 | D:3      | Reached skill level 1 in Earth Magic
  1621 | D:3      | Reached skill level 1 in Poison Magic
  1756 | D:3      | Found a faded altar of an unknown god.
  1844 | D:3      | Found a large runed translucent door.
  1844 | D:3      | Found a large runed translucent door.
  1845 | D:3      | Noticed Tartanist's ghost (amateur DsHu)
  2087 | D:4      | Noticed Robin
  2110 | D:3      | Reached XP level 5. HP: 51/57 MP: 7/7
  2149 | D:4      | Killed Robin
  2322 | D:4      | Reached XP level 6. HP: 15/64 MP: 8/8
  2575 | D:4      | Noticed Ijyb
  2601 | D:4      | Killed Ijyb
  2962 | D:4      | Reached skill level 5 in Dodging
  2972 | D:4      | Noticed Edmund
  3054 | D:4      | Noticed Natasha
  3068 | D:4      | Killed Natasha
  3136 | D:4      | Found a staircase to the Ecumenical Temple.
  3155 | Temple   | Entered the Ecumenical Temple
  3244 | Temple   | Became a worshipper of Warmaster Okawaru
  3422 | D:4      | Noticed Natasha
  3430 | D:4      | Killed Natasha
  3446 | D:4      | Noticed Natasha
  3459 | D:4      | Killed Natasha
  3459 | D:4      | Reached XP level 7. HP: 70/70 MP: 10/10
  3544 | D:4      | Noticed Blork the orc
  3556 | D:4      | Killed Blork the orc
  3616 | D:4      | Noticed Purgy
  3645 | D:4      | Killed Purgy
  3944 | D:4      | Got a pair of jewelled gloves
  3991 | D:4      | Identified the cursed +0 pair of gloves of Recklessness
                  | {rPois} (You found it on level 4 of the Dungeon)
  4244 | D:4      | Killed Edmund
  4244 | D:4      | Reached XP level 8. HP: 47/76 MP: 10/12
  4305 | D:5      | Entered Level 5 of the Dungeon
  4593 | D:5      | Found a transporter.
  4607 | D:5      | Found a transporter.
  5102 | D:6      | Noticed Sigmund
  5110 | D:6      | Killed Sigmund
  5110 | D:6      | Reached * piety under Okawaru
  5151 | D:6      | Found a sparkling altar of Nemelex Xobeh.
  5151 | D:6      | Noticed Prince Ribbit
  5156 | D:6      | Killed Prince Ribbit
  5395 | D:6      | Reached XP level 9. HP: 83/83 MP: 14/14
  5617 | D:5      | Reached ** piety under Okawaru
  5800 | D:6      | Found an ornate altar of the Wu Jian Council.
  6057 | D:7      | Noticed a wizard
  6374 | D:6      | Killed a wizard
  6374 | D:6      | Reached skill level 5 in Throwing
  6374 | D:6      | Reached skill level 5 in Evocations
  6386 | D:7      | Reached *** piety under Okawaru
  6735 | D:7      | Reached skill level 5 in Invocations
  6937 | D:8      | Noticed a death yak
  6941 | D:8      | Noticed a death yak
  6951 | D:8      | Noticed a death yak
  6954 | D:8      | Found a sand-covered staircase.
  7159 | Ossuary  | Entered an ossuary
  7186 | Ossuary  | Reached XP level 10. HP: 61/91 MP: 17/17
  7794 | D:8      | Found a staircase to the Lair.
  7858 | D:8      | Got a twisted leather armour
  8348 | D:8      | Found a burning altar of Makhleb.
  8359 | D:8      | Reached **** piety under Okawaru
  8359 | D:8      | Reached skill level 5 in Short Blades
  8359 | D:8      | Reached skill level 5 in Long Blades
  8359 | D:8      | Reached skill level 5 in Axes
  8359 | D:8      | Reached skill level 5 in Maces & Flails
  8359 | D:8      | Reached skill level 5 in Polearms
  8359 | D:8      | Reached skill level 5 in Staves
  8359 | D:8      | Reached skill level 5 in Slings
  8359 | D:8      | Reached skill level 5 in Bows
  8359 | D:8      | Reached skill level 5 in Crossbows
  8359 | D:8      | Reached skill level 5 in Armour
  8359 | D:8      | Reached skill level 5 in Stealth
  8359 | D:8      | Reached skill level 5 in Shields
  8359 | D:8      | Reached skill level 5 in Unarmed Combat
  8359 | D:8      | Reached skill level 5 in Spellcasting
  9233 | D:9      | Found a glowing golden altar of the Shining One.
  9234 | D:9      | Found a sacrificial altar of Ru.
  9290 | D:9      | Noticed a two-headed ogre
  9343 | D:9      | Killed a two-headed ogre
  9343 | D:9      | Received a gift from Okawaru
  9343 | D:9      | Reached skill level 13 in Fighting
  9671 | D:9      | Received a gift from Okawaru
 10088 | D:10     | Entered Level 10 of the Dungeon
 10088 | D:10     | Noticed Harold
 10119 | D:9      | Killed Harold
 10119 | D:9      | Reached ***** piety under Okawaru
 10119 | D:9      | Reached XP level 11. HP: 32/98 MP: 19/19
 11077 | D:10     | Found a staircase to the Orcish Mines.
 11733 | D:10     | Killed an unseen horror
 11733 | D:10     | Received a gift from Okawaru
 11733 | D:10     | Reached skill level 5 in Conjurations
 11733 | D:10     | Reached skill level 5 in Hexes
 11733 | D:10     | Reached skill level 5 in Charms
 11733 | D:10     | Reached skill level 5 in Summonings
 11733 | D:10     | Reached skill level 5 in Necromancy
 11733 | D:10     | Reached skill level 5 in Translocations
 11733 | D:10     | Reached skill level 5 in Transmutations
 11733 | D:10     | Reached skill level 5 in Fire Magic
 11733 | D:10     | Reached skill level 5 in Ice Magic
 11733 | D:10     | Reached skill level 5 in Air Magic
 11733 | D:10     | Reached skill level 5 in Earth Magic
 11733 | D:10     | Reached skill level 5 in Poison Magic
 11758 | D:10     | Identified the +1 leather armour of Optimism {+Inv rPois
                  | SInv} (You found it on level 8 of the Dungeon)
 12363 | D:11     | Noticed a manticore
 12379 | D:11     | Killed a manticore
 12563 | D:11     | Noticed a brown ugly thing
 12578 | D:11     | Found a flagged portal.
 12586 | Bailey   | Entered a bailey
 13750 | D:11     | Killed a brown ugly thing
 14070 | D:11     | Noticed a cyclops
 14087 | D:11     | Killed a cyclops
 14087 | D:11     | Reached XP level 12. HP: 55/105 MP: 20/22
 14344 | D:11     | Noticed Nergalle
 14381 | D:11     | Killed Nergalle
 15749 | D:12     | Received a gift from Okawaru
 16781 | D:12     | Noticed a two-headed ogre
 16794 | D:12     | Killed a two-headed ogre
 16794 | D:12     | Received a gift from Okawaru
 17056 | D:9      | Killed a death yak
 17389 | Lair:1   | Entered Level 1 of the Lair of Beasts
 17472 | Lair:1   | Received a gift from Okawaru
 17484 | Lair:1   | HP: 5/106 [poisoned by a spiny frog]
 17940 | Lair:1   | Received a gift from Okawaru
 18126 | Lair:1   | Noticed Sonja
 18127 | Lair:1   | Noticed Sonja
 18127 | Lair:1   | Sonja changed into Sonja the meliai
 18132 | Lair:1   | Killed Sonja the meliai
 18151 | Lair:1   | Found a transporter.
 18250 | Lair:1   | Identified the cursed +2 trident of Kaesyshre {venom,
                  | +Blink rElec rF+++ Str-5}
 18250 | Lair:1   | Noticed a spriggan rider
 18253 | Lair:1   | Found a transporter.
 18459 | Lair:1   | Identified the cursed +1 spear "Udurchim" {drain, rN+++ MR+
                  | Str-5 Stlth+}
 18459 | Lair:1   | Noticed a spriggan rider
 18462 | Lair:1   | Noticed Sajocafi's ghost (novice MiGl)
 18628 | Lair:1   | Found a bloodstained altar of Trog.
 19045 | Lair:2   | Noticed a five-headed hydra
 19080 | Lair:2   | Killed a five-headed hydra
 19334 | Lair:2   | Noticed a death yak
 19359 | Lair:2   | Noticed a death yak
 19361 | Lair:2   | Noticed a death yak
 19418 | Lair:2   | Killed a death yak
 19433 | Lair:2   | Killed a death yak
 19433 | Lair:2   | Reached XP level 13. HP: 59/112 MP: 24/24
 19441 | Lair:2   | Received a gift from Okawaru
 19914 | Lair:2   | Found a staircase to the Swamp.
 19942 | Lair:2   | Found a hole to the Spider Nest.
 20672 | Lair:3   | Reached skill level 14 in Fighting
 20782 | Lair:3   | Found an opulent altar of Gozag.
 20921 | Lair:3   | Noticed Urug
 20953 | Lair:3   | Killed Urug
 21456 | Lair:3   | Received a gift from Okawaru
 22133 | Lair:4   | Identified the +6 battleaxe "Deob" {flame, rF+ Str+3} (You
                  | found it on level 4 of the Lair of Beasts)
 23257 | Lair:5   | Received a gift from Okawaru
 23468 | Lair:5   | Received a gift from Okawaru
 23689 | Lair:5   | Found a staircase to the Slime Pits.
 23948 | Lair:5   | Reached XP level 14. HP: 99/120 MP: 26/26
 24155 | Lair:6   | Entered Level 6 of the Lair of Beasts
 24489 | Lair:6   | Received a gift from Okawaru
 24757 | Lair:6   | Reached skill level 10 in Dodging
 24898 | Lair:6   | Reached ****** piety under Okawaru
 24932 | Lair:6   | Received a gift from Okawaru
 26336 | Lair:6   | Received a gift from Okawaru
 26336 | Lair:6   | Reached skill level 10 in Invocations
 27265 | Lair:6   | Noticed Nessos
 27280 | Lair:6   | Noticed Nessos
 27280 | Lair:6   | Nessos changed into Nessos the wind drake
 27295 | Lair:6   | Killed Nessos the wind drake
 29030 | Orc:1    | Entered Level 1 of the Orcish Mines
 30005 | D:13     | Reached XP level 15. HP: 125/127 MP: 28/28
 30093 | D:13     | Received a gift from Okawaru
 30188 | D:13     | Reached skill level 10 in Throwing
 30188 | D:13     | Reached skill level 10 in Evocations
 30292 | D:13     | Received a gift from Okawaru
 30606 | D:13     | Got a wavering lead ring
 30607 | D:13     | Identified the ring of Zaplio {*Tele *Corrode *Drain Dex+9}
                  | (You found it on level 13 of the Dungeon)
 30614 | D:13     | Got a crude chain mail
 30625 | D:13     | Identified the +4 chain mail of Jigsaw {MR++ Slay+5} (You
                  | found it on level 13 of the Dungeon)
 30634 | D:13     | Got a sparkling brass ring
 30636 | D:13     | Identified the ring "Xemouxt" {*Tele *Drain +Fly Str+4
                  | SInv} (You found it on level 13 of the Dungeon)
 30828 | D:13     | Received a gift from Okawaru
 30831 | D:13     | Got a pitted demon whip {god gift}
 30838 | D:13     | Identified the +7 demon whip of Blind Justice {slash, SInv}
                  | (Okawaru gifted it to you on level 13 of the Dungeon)
 30847 | D:13     | Found a gate to the Vaults.
 31384 | D:14     | Noticed Josephine
 31441 | D:14     | Killed Josephine
 31690 | D:14     | Noticed Agnes
 31717 | D:14     | Killed Agnes
 31717 | D:14     | Reached skill level 10 in Short Blades
 31717 | D:14     | Reached skill level 10 in Long Blades
 31717 | D:14     | Reached skill level 10 in Axes
 31717 | D:14     | Reached skill level 10 in Maces & Flails
 31717 | D:14     | Reached skill level 10 in Polearms
 31717 | D:14     | Reached skill level 10 in Staves
 31717 | D:14     | Reached skill level 10 in Slings
 31717 | D:14     | Reached skill level 10 in Bows
 31717 | D:14     | Reached skill level 10 in Crossbows
 31717 | D:14     | Reached skill level 10 in Armour
 31717 | D:14     | Reached skill level 10 in Stealth
 31717 | D:14     | Reached skill level 10 in Shields
 31717 | D:14     | Reached skill level 10 in Unarmed Combat
 31717 | D:14     | Reached skill level 10 in Spellcasting
 31856 | D:14     | Reached skill level 15 in Fighting
 32343 | D:15     | Entered Level 15 of the Dungeon
 32561 | D:15     | Received a gift from Okawaru
 32819 | D:15     | Got a pitted flail
 32858 | D:15     | Identified the +5 flail "Odynk" {crush, +Inv rF+++ MP-9
                  | Dex+4} (You found it on level 15 of the Dungeon)
 32958 | D:15     | Received a gift from Okawaru
 33366 | D:15     | Received a gift from Okawaru
 33601 | D:15     | Found a staircase to the Depths.
 33823 | D:15     | Found a snail-covered altar of Cheibriados.
 34023 | Orc:2    | Entered Level 2 of the Orcish Mines
 34051 | Orc:2    | Noticed an orc warlord
 34739 | Orc:1    | Reached XP level 16. HP: 89/136 MP: 30/30
 35853 | Orc:2    | Found a staircase to the Elven Halls.
 36256 | Orc:2    | Found Baw Cath's Gadget Shoppe.
 36256 | Orc:2    | Found Ylejoegg's Weapon Shoppe.
 36257 | Orc:2    | Found Galea's Magic Scroll Emporium.
 36260 | Orc:2    | Found Xozuirol's Antique Armour Emporium.
 36267 | Orc:2    | Bought a scroll of teleportation for 36 gold pieces
 36267 | Orc:2    | Bought a scroll of teleportation for 36 gold pieces
 36267 | Orc:2    | Bought a scroll of identify for 24 gold pieces
 36267 | Orc:2    | Bought a scroll of identify for 24 gold pieces
 36267 | Orc:2    | Bought a scroll of teleportation for 36 gold pieces
 36267 | Orc:2    | Bought a scroll of remove curse for 36 gold pieces
 36267 | Orc:2    | Bought a scroll of identify for 24 gold pieces
 36267 | Orc:2    | Bought a scroll of identify for 24 gold pieces
 36267 | Orc:2    | Bought a scroll of remove curse for 36 gold pieces
 36655 | Swamp:1  | Entered Level 1 of the Swamp
 36809 | Swamp:1  | Received a gift from Okawaru
 36917 | Swamp:1  | Noticed a tentacled monstrosity
 36942 | Swamp:1  | Killed a tentacled monstrosity
 39071 | Swamp:2  | Noticed Jorgrun
 39079 | Swamp:2  | Learned a level 5 spell: Silence
 39082 | Swamp:2  | Learned a level 2 spell: Blink
 39087 | Swamp:2  | Learned a level 4 spell: Petrify
 39123 | Swamp:2  | Killed Jorgrun
 39123 | Swamp:2  | Received a gift from Okawaru
 39512 | Swamp:3  | Found a frozen archway.
 39525 | IceCv    | Entered an ice cave
 40091 | IceCv    | Received a gift from Okawaru
 40640 | IceCv    | Noticed an Ice Fiend
 40693 | IceCv    | Killed an Ice Fiend
 41018 | IceCv    | Received a gift from Okawaru
 41758 | Swamp:3  | Reached XP level 17. HP: 95/142 MP: 32/32
 42078 | Swamp:3  | Noticed Nikola
 42087 | Swamp:3  | Killed from afar by Nikola

Levels and vault maps discovered:
D:1:      psy_arrival_wood_between_worlds, layout_rooms, minmay_domino_4
D:2:      layout_loops_ring
D:3:      layout_basic, ebering_ghost_disaster_area,
          chequers_ecumenical_altar_simple_redux, brannock_xom_greatest_gift
D:4:      minmay_door_path, layout_cave_pods, minmay_temple_entry_grid,
          first_ration, uniq_edmund, uniq_robin, uniq_blork_the_orc, uniq_purgy,
          uniq_ijyb, uniq_natasha
D:5:      gammafunk_steamed_eel, layout_cave_pools, abandoned_shop
D:6:      layout_gridville, lemuel_crystal_altar, lemuel_crystal_altar,
          uniq_sigmund, uniq_prince_ribbit1
D:7:      cheibrodos_wizards_tower, layout_cave_pools, item_on_display_a
D:8:      cheibrodos_statue_roulette, layout_basic, lemuel_round_altar,
          dpeg_lair_monsters, nicolae_ossuary_entry_monument
D:9:      layout_irregular_city, gammafunk_temple_overflow_pools
D:10:     layout_basic, minmay_orc_entry_guard_dogs, uniq_harold
D:11:     layout_layer_cave, enter_bailey_3, uniq_nergalle
D:12:     layout_basic
D:13:     minmay_the_grid_octo_tiled_octocenter_mashed
          [minmay_the_grid_octo_odd_swirl, minmay_the_grid_octo_fan_narrow,
          minmay_the_grid_octo_chip, minmay_the_grid_octo_77,
          minmay_the_grid_octo_prize_square_snowflake,
          minmay_the_grid_square_5x5_hourglass,
          minmay_the_grid_square_5x5_longway,
          minmay_the_grid_square_5x5_almost_minimal,
          minmay_the_grid_square_5x5_two], layout_cave_pools,
          blue_anna_alchemist [blue_anna_fruit_fields, blue_anna_fruit_fields]
D:14:     layout_roguey, infiniplex_staircase_hallway_doors, uniq_agnes,
          uniq_josephine
D:15:     grunt_enter_depths_hoard, layout_basic, cheibriados_altar_1
Temple:   minmay_crystal_spiral_temple
Lair:1:   layout_layer_cave, gammafunk_ghost_wrathful_warriors,
          serial_bayou_pond_d, serial_bayou_pond_b, lemuel_fruit_tree,
          uniq_sonja
Lair:2:   layout_gridlike, swamp_mist, nicolae_spider_entry_non_spiders,
          minivault_25
Lair:3:   layout_layer_cave, basic_altar, serial_bayou_pond_c,
          grunt_megastairs_2, uniq_urug
Lair:4:   layout_cave_pods, serial_bayou_ford_a, minmay_lair_oklob_chamber
Lair:5:   layout_gridlike, dpeg_slime_entry_corner, serial_rivers,
          chequers_serial_rivers_micro_a, chequers_serial_rivers_micro_e,
          chequers_serial_rivers_micro_d, chequers_serial_rivers_micro_c,
          hangedman_lair_generics_rect
Lair:6:   hangedman_lair_tendril_chambers, layout_regular_city,
          guppyfry_lair_end_dragon, chequers_serial_rivers_marsh, uniq_nessos
Swamp:1:  layout_falls_marsh, evilmike_swamp_ruin_house_6,
          infiniplex_staircase_pool_2
Swamp:2:  layout_basic_swamp, evilmike_swamp_ruin_house_2,
          hangedman_swamp_lotus, uniq_jorgrun
Swamp:3:  layout_basic_swamp, portal_ice_cave_entry_pillars_1,
          hangedman_swamp_cone, swamp_pool1, hangedman_swamp_wriggling,
          uniq_nikola
Orc:1:    cheibrodos_orc_guarddog, layout_diamond_mine, guppyfry_library_mini
Orc:2:    st_orc_mages, layout_caves

Skill      XL: |  1  2  3  4  5  6  7  8  9 10 11 12 13 14 15 16 |
---------------+-------------------------------------------------+-----
Fighting       | 13 14 15 | 15.5
Invocations    | 1 2 3 4 5 6 7 8 9 10 11 | 11.9
Short Blades   | 1 2 3 4 5 6 7 8 9 10 11 | 11.0
Long Blades    | 1 2 3 4 5 6 7 8 9 10 11 | 11.0
Axes           | 1 2 3 4 5 6 7 8 9 10 11 | 11.0
Maces & Flails | 1 2 3 4 5 6 7 8 9 10 11 | 11.0
Polearms       | 1 2 3 4 5 6 7 8 9 10 11 | 11.0
Staves         | 1 2 3 4 5 6 7 8 9 10 11 | 11.0
Slings         | 1 2 3 4 5 6 7 8 9 10 11 | 11.0
Bows           | 1 2 3 4 5 6 7 8 9 10 11 | 11.0
Crossbows      | 1 2 3 4 5 6 7 8 9 10 11 | 11.0
Armour         | 1 2 3 4 5 6 7 8 9 10 11 | 11.0
Stealth        | 1 2 3 4 5 6 7 8 9 10 11 | 11.0
Shields        | 1 2 3 4 5 6 7 8 9 10 11 | 11.0
Unarmed Combat | 1 2 3 4 5 6 7 8 9 10 11 | 11.0
Spellcasting   | 1 2 3 4 5 6 7 8 9 10 11 | 11.0
Conjurations   | 1 2 3 4 5 6 7 8 9 |  9.4
Hexes          | 1 2 3 4 5 6 7 8 9 |  9.4
Charms         | 1 2 3 4 5 6 7 8 9 |  9.4
Summonings     | 1 2 3 4 5 6 7 8 9 |  9.4
Necromancy     | 1 2 3 4 5 6 7 8 9 |  9.4
Translocations | 1 2 3 4 5 6 7 8 9 |  9.4
Transmutations | 1 2 3 4 5 6 7 8 9 |  9.4
Fire Magic     | 1 2 3 4 5 6 7 8 9 |  9.4
Ice Magic      | 1 2 3 4 5 6 7 8 9 |  9.4
Air Magic      | 1 2 3 4 5 6 7 8 9 |  9.4
Earth Magic    | 1 2 3 4 5 6 7 8 9 |  9.4
Poison Magic   | 1 2 3 4 5 6 7 8 9 |  9.4
Throwing       | 3 4 5 6 7 8 9 10 11 | 11.3
Evocations     | 3 4 5 6 7 8 9 10 11 | 11.3
Dodging        | 5 6 7 8 9 10 11 | 11.8

Action                   |  1- 3 |  4- 6 |  7- 9 | 10-12 | 13-15 | 16-18 || total
-------------------------+-------+-------+-------+-------+-------+-------++-------
Melee: Spear             |   127 |   206 |    82 |       |       |       ||   415
       Bite              |    10 |    18 |    31 |   174 |   476 |   217 ||   926
       Punch             |       |     2 |     4 |    12 |       |       ||    18
       Flail             |       |       |   230 |  1161 |       |       ||  1391
       Morningstar       |       |       |       |    64 |    10 |       ||    74
       Quick blade       |       |       |       |       |  2978 |  1149 ||  4127
       War axe           |       |       |       |       |       |    40 ||    40
 Fire: Hunting sling     |       |       |     3 |     2 |       |       ||     5
Throw: Dart              |       |       |       |    10 |       |       ||    10
       Javelin           |       |       |       |       |     5 |     4 ||     9
 Cast: Silence           |       |       |       |       |       |     2 ||     2
Invok: Heroism           |       |       |     1 |    13 |    21 |     9 ||    44
       Finesse           |       |       |       |       |       |     1 ||     1
Evoke: Wand              |       |       |       |     7 |     2 |       ||     9
       Lamp of fire      |       |       |       |       |     2 |     1 ||     3
  Use: Scroll            |       |       |    10 |    19 |     8 |     5 ||    42
       Potion            |       |       |       |     3 |       |       ||     3
 Stab: Sleeping          |     1 |       |       |       |     1 |       ||     2
       Paralysed         |       |       |       |     3 |       |       ||     3
       Distracted        |       |       |       |       |       |     1 ||     1
  Eat: Chunk             |     1 |     4 |     7 |    22 |    23 |     6 ||    63
       Ration            |       |     1 |     2 |     6 |     8 |     5 ||    22
Armor: Robe              |     5 |       |       |       |       |       ||     5
       Chain mail        |    22 |   105 |   182 |   571 |   541 |   238 ||  1659
       Skin              |       |    11 |       |    26 |       |       ||    37
Dodge: Dodged            |    65 |    62 |   170 |   685 |   666 |   377 ||  2025
Block: Buckler           |       |       |       |   283 |   452 |   234 ||   969
